 Dungeon Crawl Stone Soup version 0.30-a0-341-g682706514a (webtiles) character file.

Game seed: 13168078950818361015

40 Zonian the Magician (level 3, -2/25 HPs)
             Began as a Djinni Ice Elementalist on Nov 5, 2022.
             Slain by Robin
             ... wielding a +0 mace
              (7 damage)
             ... on level 2 of the Dungeon.
             The game lasted 00:01:54 (760 turns).

Zonian the Magician (Djinni Ice Elementalist)        Turns: 760, Time: 00:01:55

Health: -2/25      AC:  2    Str:  7    XL:     3   Next: 72%
Gold:   34         EV: 12    Int: 18    God:
                   SH:  5    Dex: 13

rFire   + + .      SeeInvis .    f - +0 sling
rCold   x . .      Faith    .    (no shield)
rNeg    . . .      Spirit   .    a - +0 robe
rPois   ∞          Reflect  +    (no helmet)
rElec   .          Harm     .    (no cloak)
rCorr   .          Rampage  .    (no gloves)
Will    .....                    (boots unavailable)
Stlth   ++........               i - amulet of reflection
HPRegen 0.24/turn                (no ring)
MPRegen 0.00/turn                (no ring)

@: flying, very slightly contaminated, invisible
A: sickness immunity, fire resistance 2, cold vulnerability 1, float, innate
caster, HP casting, extra vitality 1
a: no special abilities


You were on level 2 of the Dungeon.
You visited 1 branch of the dungeon, and saw 2 of its levels.

You collected 34 gold pieces.

Inventory:

Hand Weapons
 b - a +0 short sword
 f - a +0 sling (weapon)
 j - a +0 dagger
Armour
 a - a +0 robe (worn)
Jewellery
 i - an amulet of reflection (around neck)
Scrolls
 c - 2 scrolls of identify {unknown}
 e - a scroll of vulnerability {unknown}
 g - a scroll of noise {unknown}
 h - a scroll of silence {unknown}
Potions
 k - a potion of brilliance {unknown}
 l - a potion of degeneration {unknown}


   Skills:
 + Level 3.0 Dodging
 + Level 2.2 Stealth
 + Level 3.5 Spellcasting


You couldn't memorise any spells.
You knew the following spells:

 Your Spells              Type           Power      Damage    Failure   Level
a - Freeze                Ice            64%        1d7       3%          1
b - Frozen Ramparts       Ice            32%        1d5       11%         3
c - Ozocubu's Armour      Ice            16%        N/A       11%         3
d - Summon Ice Beast      Ice/Summ       16%        N/A       34%         4
e - Sandblast             Erth           32%        2d9       3%          1
Your spell library was empty.

Dungeon Overview and Level Annotations

Branches:
Dungeon (2/15)

Altars:

Annotations:
D:2 Robin


Innate Abilities, Weirdness & Mutations

You are immune to sickness and miasma.
You are immune to poison.
Your flesh is very heat resistant. (rF++)
You are vulnerable to cold. (rC-)
You float through the air rather than walking.
You learn spells naturally, not from books.
Your magical power is your life essence.
You have superior vitality. (+4 MHP)


Message History

Casting: Freeze (safe; 3% risk of failure)
Confirm with . or Enter, or press ? or * to list all spells.
Aiming: Sandblast (safe; 3% risk of failure)
Press: ? - help, Shift-Dir - straight line, f/p - hobgoblin
Aim: a hobgoblin (moderately wounded, strong, 82% to hit)
The blast of sand hits the hobgoblin but does no damage.
The hobgoblin is moderately wounded.
The goblin barely misses you. The hobgoblin hits you.
Unknown command.
Casting: Sandblast (safe; 3% risk of failure)
Confirm with . or Enter, or press ? or * to list all spells.
Aiming: Sandblast (safe; 3% risk of failure)
Press: ? - help, Shift-Dir - straight line, f/p - hobgoblin
Aim: a hobgoblin (moderately wounded, strong, 82% to hit)
You miscast Sandblast.
You are very lightly contaminated with residual magic.
Nothing appears to happen.
The goblin barely misses you. The hobgoblin hits you.
Casting: Sandblast (safe; 3% risk of failure)
Confirm with . or Enter, or press ? or * to list all spells.
Aiming: Sandblast (safe; 3% risk of failure)
Press: ? - help, Shift-Dir - straight line, f/p - hobgoblin
Aim: a hobgoblin (moderately wounded, strong, 82% to hit)
The blast of sand hits the hobgoblin.
You kill the hobgoblin!
You block the goblin's attack. The goblin hits you with a +0 club.
Unknown command.
Casting: Sandblast (safe; 3% risk of failure)
Confirm with . or Enter, or press ? or * to list all spells.
Aiming: Sandblast (safe; 3% risk of failure)
Press: ? - help, Shift-Dir - straight line, f - Robin
Aim: Robin, wielding a +0 mace, wearing a +0 animal skin and wearing a +0 helmet (87% to hit)
The blast of sand hits Robin!
Robin is severely wounded.
The goblin hits you with a +0 club.
* * * LOW HITPOINT WARNING * * *
It was a potion of invisibility.
You fade into invisibility!
The goblin misses you. Robin hits you with a +0 mace!
You die...

###########.
#..g@ggg))†.
#.#############
#.............#
#..####...###.#
#..# #.#.#<#.#
#..####.#.#.#.#
#..#....#.#...#
#..#.####.#####
#..#.##<#.#


You could see Robin (unable to see you) and 3 goblins.

Vanquished Creatures
  2 dart slugs (D:1)
  2 ball pythons (D:1)
  6 endoplasms (D:1)
  A giant cockroach (D:1)
  3 goblins
  5 hobgoblins (D:2)
  A quokka (D:1)
  7 bats (D:1)
  A frilled lizard (D:1)
  2 kobolds (D:1)
  A rat (D:1)
31 creatures vanquished.

Notes
Turn   | Place    | Note
-------+----------+-------------------------------------------
     0 | D:1      | Zonian the Djinni Ice Elementalist began the quest for the
                  | Orb.
     0 | D:1      | Zonian set off with the following spells memorised: Freeze,
                  | Frozen Ramparts, Ozocubu's Armour, Summon Ice Beast.
     0 | D:1      | Reached XP level 1. HP: 15/15 MP: 0/0
    84 | D:1      | Reached XP level 2. HP: 14/21 MP: 0/0
   341 | D:1      | Found a faded altar of an unknown god.
   395 | D:1      | Reached XP level 3. HP: 25/25 MP: 0/0
   395 | D:1      | Learned a level 1 spell: Sandblast
   749 | D:2      | Noticed Robin
   760 | D:2      | Slain by Robin

Illustrated notes

Levels and vault maps discovered:
D:1:      minmay_arrival_stair_chambers, layout_rooms,
          hellmonk_ecumenical_altar_arch_garden
D:2:      layout_basic, hangedman_feature_mirror, uniq_natasha, uniq_robin

Skill      XL: |  1  2  3 |
---------------+----------+-----
Stealth        | 2 |  2.2
Dodging        | 3 |  3.0
Spellcasting   | |  3.5

Action                   || total
-------------------------++-------
Melee: Short sword       ||     4
       Unarmed           ||     3
 Fire: Sling             ||    64
 Cast: Freeze            ||     9
       Sandblast         ||     3
  Use: Potion            ||     1
Armor: Robe              ||    13
Dodge: Dodged            ||    31
Block: Other             ||     2

Table legend: (Time is in decaauts)
 A = Elapsed time spent in this place.
 B = Non-inter-level travel time spent in this place.
 C = Inter-level travel time spent in this place.
 D = Time resting spent in this place.
 E = Time spent auto-exploring this place.
 F = Levels seen in this place.
 G = Mean time per level.
                   A        B        C        D        E       F      G
               +--------+--------+--------+--------+--------+-----+--------+
         Total |    785 |    762 |     23 |      0 |    549 |   2 |  392.5 |
       Dungeon |    785 |    762 |     23 |      0 |    549 |   2 |  392.5 |
               +--------+--------+--------+--------+--------+-----+--------+

Top non-repeatable levels by time:
     D:1: 708 daAuts
     D:2: 77 daAuts
